 Dungeon Crawl Stone Soup version 0.27.0-1-g7a089689b8 (webtiles) character file.

Game seed: 16284166934583212189

24850 Froggeryz the Nimble (level 13, -1/92 HPs)
             Began as an Octopode Berserker on Aug 7, 2021.
             Was a High Priest of Trog.
             Killed by divine providence
             ... invoked by a meliai
              (16 damage)
             ... on level 4 of the Lair of Beasts.
             The game lasted 00:16:49 (16351 turns).

Froggeryz the Nimble (Octopode Berserker)          Turns: 16351, Time: 00:16:50

Health: -1/92      AC: 16    Str: 21    XL:     13   Next: 15%
Magic:  13/13      EV: 34    Int: 11    God:    Trog [*****.]
Gold:   1838       SH:  6    Dex: 15    Spells: 12/12 levels left

rFire    . . .     SeeInvis .   L - +7 quick blade (protect)
rCold    + . .     Faith    .   a - +0 buckler {rN+}
rNeg     + + .     Spirit   .   (helmet restricted)
rPois    +         Reflect  .   e - amulet of the acrobat
rElec    .         Harm     .   i - ring of flight
rCorr    .         Rampage  .   g - ring of Yfijuq {Drain rC+ Str+5 Slay+5}
Will     ++...                  r - +4 ring of protection
Stlth    +++++.....             D - ring of positive energy
HPRegen  1.25/turn              A - +4 ring of protection
MPRegen  0.13/turn              N - ring of poison resistance
                                (no ring)
                                (no ring)

@: about to teleport, strong-willed, under a protective aura, acrobatic, flying,
regenerating
A: almost no armour, amphibious, 8 rings, camouflage 1, gelatinous body 1,
(nimble swimmer 1), tentacles
a: Renounce Religion, Berserk, Trog's Hand, Brothers in Arms


You were on level 4 of the Lair of Beasts.
You worshipped Trog.
Trog was extremely pleased with you.
You visited 2 branches of the dungeon, and saw 14 of its levels.
You also visited: Sewer and Bailey.

You collected 1838 gold pieces.

Inventory:

Hand Weapons
 L - a +7 quick blade of protection (weapon)
Missiles
 k - 4 atropa-tipped darts (quivered)
 p - 90 poisoned darts
 w - 3 curare-tipped darts
 F - 2 throwing nets
Armour
 a - a +0 buckler of positive energy (worn)
Jewellery
 e - an amulet of the acrobat (around mantle)
 g - the ring of Yfijuq (right tentacle) {Drain rC+ Str+5 Slay+5}
   (You acquired it on level 3 of the Dungeon)

   [ring of protection from cold]

   Str:       It affects your strength (+5).
   Slay:      It affects your accuracy & damage with ranged weapons and melee
   (+5).
   rC:        It protects you from cold.
   Drain:     It drains your maximum health when unequipped.
 i - a ring of flight (left tentacle)
 r - a +4 ring of protection (on tentacle)
 A - a +4 ring of protection (on tentacle)
 D - a ring of positive energy (on tentacle)
 N - a ring of poison resistance (on tentacle)
Wands
 q - a wand of mindburst (8)
 z - a wand of iceblast (19)
 B - a wand of paralysis (5)
 E - a wand of polymorph (26)
 G - a wand of flame (21)
 K - a wand of acid (28)
Scrolls
 b - 3 scrolls of fear
 m - 4 scrolls of magic mapping
 x - 5 scrolls of teleportation
 y - a scroll of blinking
 J - a scroll of fog
Potions
 c - 7 potions of heal wounds
 d - 4 potions of magic
 f - 7 potions of curing
 h - 3 potions of brilliance {unknown}
 l - a potion of lignification {unknown}
 n - 2 potions of resistance
 s - 2 potions of attraction
 t - a potion of haste {unknown}
 u - 3 potions of might {unknown}
 v - 4 potions of mutation
 C - a potion of cancellation {unknown}
 H - 2 potions of ambrosia {unknown}


   Skills:
 + Level 10.1 Fighting
 - Level 11.0 Short Blades
 - Level 7.3 Throwing
 + Level 11.5 Dodging
 - Level 10.2 Stealth
 - Level 6.8 Shields


You had 12 spell levels left.
You didn't know any spells.
Your spell library was empty.

Dungeon Overview and Level Annotations

Branches:
Dungeon (10/15)            Temple (0/1) D:6            Lair (4/6) D:9
 Shoals (0/4) Lair:2       Spider (0/4) Lair:4          Orc (0/2) D:10
  Sewer (visited)          Bailey (visited)

Altars:
Cheibriados
Dithmenos
Kikubaaqudgha
Makhleb
Trog
Vehumet
Xom
Yredelemnul

Shops:
D:2 :   D:7 [

Annotations:
Lair:3 exclusion: 2 oklob plants


Innate Abilities, Weirdness & Mutations

You cannot wear most types of armour.
You are amphibious.
You can wear up to eight rings at the same time.
Your skin changes colour to match your surroundings (Stealth+).
Your rubbery body absorbs attacks. (AC +1, EV +1)
((You are camouflaged near water. (Stealth+)))
You have tentacles for arms and can constrict up to eight enemies at once.


Message History

The meliai mumbles some strange prayers to its god against you.
Something smites you!
You hit the meliai but do no damage. You squeeze the meliai.
The meliai is almost dead.
You constrict the meliai, but do no damage.
A killer bee comes into view.
The killer bee closely misses you.
The killer bee stings you but does no damage.
You hit the meliai.
You kill the meliai!
Trog accepts your kill.
As you read the scroll of teleportation, it crumbles to dust.
You feel strangely unstable.
A meliai comes into view. It is wielding a +0 hand axe.
The killer bee stings you.
* * * LOW HITPOINT WARNING * * *
A killer bee comes into view. x2
The killer bee stings you but does no damage.
The killer bee barely misses you.
The meliai mumbles some strange prayers to its god against you.
Something smites you!
* * * LOW HITPOINT WARNING * * *
The killer bee misses you.
The meliai invokes the aid of its god against you.
Something smites you!
* * * LOW HITPOINT WARNING * * *
The killer bee buzzes angrily.
You hear an angry buzzing noise.
You feel much better. The killer bee barely misses you.
The killer bee stings you but does no damage.
The killer bee closely misses you.
A killer bee comes into view.
The killer bee misses you. You block the killer bee's attack.
The killer bee misses you.
The meliai calls down the wrath of its god upon you.
Something smites you!
* * * LOW HITPOINT WARNING * * *
The killer bee completely misses you.
The meliai mumbles some strange prayers to its god against you.
Something smites you!
You die...

#.. ... .. #####y
##....# ##..y..##
#...#yy.#
#####..yyy#####
###.†.#†@yy.F.....
#.....)#####y....#
#...$.).# ..#...
##.....##### ....#
##...#....##...##
#####.....#####
#...#...#
##.....#####
#######
##........##


You could see a blink frog, 3 meliai and 7 killer bees.

Vanquished Creatures
  The ghost of Huasawuy the Grappler, a journeyman TrWz of Okawaru (Lair:3)
  A catoblepas (Lair:4)
  A two-headed ogre (D:10)
  2 orc knights (Bailey)
  Pikel (D:3)
  An orb spider (Lair:4)
  2 black mambas
  A merfolk siren (Lair:2)
  4 elephants (Lair:4)
  5 rime drakes (Lair:3)
  2 kobold demonologists (Bailey)
  6 cane toads
  4 komodo dragons
  A troll (D:9)
  5 meliai (Lair:4)
  Grinder (D:6)
  5 blink frogs (Lair:4)
  A hornet (D:10)
  2 shadows (D:10)
  5 basilisks
  3 wyverns
  13 yaks
  6 steam dragons (Lair:3)
  An acid dragon (D:9)
  6 water moccasins
  9 orc warriors
  A sky beast (D:7)
  An ice beast (D:3)
  3 black bears
  6 wolves (Lair:4)
  3 ogres (D:5)
  A lemure (D:4)
  Blork the orc (D:4)
  6 centaurs
  4 phantoms
  5 kobold brigands
  9 bullfrogs
  A scorpion (D:6)
  A wyvern zombie (D:9)
  A water moccasin skeleton (D:7)
  13 killer bees
  3 troll zombies (D:10)
  3 wights (D:7)
  3 vampire bats (Lair:3)
  6 electric eels
  2 howler monkeys
  3 centaur zombies
  A jelly (D:6)
  4 orc priests
  2 gnoll shamans
  3 hounds
  Crazy Yiuf (D:2)
  2 centaur skeletons (D:7)
  A bullfrog skeleton (D:6)
  2 iguanas
  3 orc wizards
  2 ogre zombies (D:10)
  A hound zombie (D:5)
  Robin (D:4)
  A howler monkey skeleton (D:4)
  15 gnolls
  10 adders
  2 white imps
  An ufetubus (D:5)
  3 adder skeletons (D:4)
  2 worms
  2 dart slugs
  29 orcs
  12 bats
  8 endoplasms
  6 giant cockroaches
  32 goblins
  13 hobgoblins
  9 jackals
  2 quokkas (D:1)
  15 ball pythons
  A frilled lizard (Sewer)
  A goblin skeleton (D:10)
  2 hobgoblin zombies (D:10)
  27 kobolds
  An orc skeleton (D:10)
  15 orc zombies (D:10)
  6 rats
403 creatures vanquished.

Vanquished Creatures (collateral kills)
  3 rime drakes (Lair:3)
  2 steam dragons (Lair:3)
  An acid dragon (Lair:3)
6 creatures vanquished.

Vanquished Creatures (others)
  A steam dragon (Lair:3)
  An ogre zombie (D:10)
  2 fungi (D:2)
  A plant (Lair:3)
5 creatures vanquished.

Grand Total: 414 creatures vanquished

Notes
Turn   | Place    | Note
-------+----------+-------------------------------------------
     0 | D:1      | Froggeryz the Octopode Berserker began the quest for the
                  | Orb.
     0 | D:1      | Reached XP level 1. HP: 16/16 MP: 1/1
   280 | D:1      | Reached skill level 1 in Stealth
   321 | D:1      | Reached XP level 2. HP: 21/21 MP: 2/2
   411 | D:1      | Found a faded altar of an unknown god.
   565 | D:1      | Reached XP level 3. HP: 24/26 MP: 3/3
   849 | D:2      | Reached XP level 4. HP: 30/31 MP: 4/4
   932 | D:2      | Reached ** piety under Trog
  1457 | D:2      | Found Zoaw's Book Shoppe.
  1650 | D:2      | Found a runed translucent door.
  1651 | D:2      | Noticed Crazy Yiuf
  1659 | D:2      | Killed Crazy Yiuf
  1660 | D:2      | Reached XP level 5. HP: 36/36 MP: 5/5
  1854 | D:3      | Reached skill level 5 in Short Blades
  2107 | D:3      | Identified a scroll of acquirement
  2123 | D:3      | Acquired the ring of Yfijuq {Drain rC+ Str+5 Slay+5}
  2242 | D:3      | Noticed an ice beast
  2247 | D:3      | Killed an ice beast
  2248 | D:3      | Reached XP level 6. HP: 42/42 MP: 6/6
  2298 | D:3      | Found a basalt altar of Yredelemnul.
  2495 | D:4      | Reached *** piety under Trog
  2778 | D:4      | Noticed Robin
  2797 | D:4      | Killed Robin
  3051 | D:4      | Noticed Blork the orc
  3058 | D:4      | Killed Blork the orc
  3059 | D:4      | Reached skill level 5 in Stealth
  3079 | D:4      | Reached XP level 7. HP: 46/46 MP: 7/7
  3084 | D:4      | Noticed Pikel
  3118 | D:3      | Killed Pikel
  3119 | D:3      | Reached XP level 8. HP: 50/52 MP: 8/8
  3788 | D:5      | Entered Level 5 of the Dungeon
  4048 | D:5      | Found a shadowy altar of Dithmenos.
  4242 | D:6      | Found a glowing drain.
  4311 | Sewer    | Entered a sewer
  4361 | Sewer    | Reached **** piety under Trog
  4554 | Sewer    | Reached XP level 9. HP: 53/56 MP: 9/9
  4611 | D:6      | Found a staircase to the Ecumenical Temple.
  4623 | D:6      | Found a shimmering altar of Xom.
  4999 | D:5      | Reached skill level 10 in Short Blades
  5263 | D:5      | Found a bloodstained altar of Trog.
  5458 | D:6      | Found a burning altar of Makhleb.
  5459 | D:6      | Found a snail-covered altar of Cheibriados.
  5647 | D:6      | Noticed Grinder
  5660 | D:6      | Killed Grinder
  5661 | D:6      | Reached skill level 10 in Stealth
  6467 | D:7      | Found Siat's Armour Shoppe.
  6747 | D:7      | Reached skill level 5 in Dodging
  6850 | D:7      | Reached ***** piety under Trog
  7045 | D:7      | Reached XP level 10. HP: 49/63 MP: 10/10
  7483 | D:8      | Reached skill level 1 in Throwing
  8234 | D:8      | Found an ancient bone altar of Kikubaaqudgha.
  8234 | D:8      | Found a radiant altar of Vehumet.
  8528 | D:9      | Found a flagged portal.
  8671 | Bailey   | Entered a bailey
  8819 | Bailey   | Noticed a kobold demonologist
  8820 | Bailey   | Found an iron altar of Okawaru.
  8820 | Bailey   | Noticed a kobold demonologist
  8944 | Bailey   | Killed a kobold demonologist
  8955 | Bailey   | Killed a kobold demonologist
  9249 | Bailey   | Noticed an orc knight
  9317 | Bailey   | Killed an orc knight
  9325 | Bailey   | Acquired a +4 quick blade
  9369 | Bailey   | Acquired a +0 buckler of positive energy
  9418 | Bailey   | Reached skill level 1 in Shields
  9419 | Bailey   | Received a gift from Trog
  9635 | Bailey   | Noticed an orc knight
  9649 | Bailey   | Killed an orc knight
 10025 | Bailey   | Reached XP level 11. HP: 66/70 MP: 11/11
 10414 | D:9      | Reached skill level 5 in Shields
 10490 | D:9      | Found a staircase to the Lair.
 11305 | D:10     | Entered Level 10 of the Dungeon
 11349 | D:10     | Found a staircase to the Orcish Mines.
 11721 | D:10     | Noticed a two-headed ogre
 11739 | D:10     | Killed a two-headed ogre
 11740 | D:10     | Reached skill level 5 in Fighting
 12793 | Lair:1   | Entered Level 1 of the Lair of Beasts
 13113 | Lair:1   | Reached skill level 5 in Throwing
 13890 | Lair:2   | Reached ****** piety under Trog
 13937 | Lair:2   | Found a staircase to the Shoals.
 14484 | Lair:3   | Received a gift from Trog
 14530 | Lair:3   | Noticed an oklob plant
 14549 | Lair:3   | Noticed an oklob plant
 14631 | Lair:3   | Reached XP level 12. HP: 80/80 MP: 12/12
 14921 | Lair:3   | Identified the +3 buckler "Naepocit" {Harm rPois rF+ Will+
                  | Slay-6}
 14983 | Lair:3   | Found a runed translucent gate.
 14987 | Lair:3   | Found a runed translucent gate.
 14988 | Lair:3   | Found a runed translucent gate.
 15141 | Lair:3   | Noticed Huasawuy's ghost (journeyman TrWz)
 15516 | Lair:3   | Killed Huasawuy's ghost
 15602 | Lair:4   | Reached skill level 10 in Dodging
 15877 | Lair:4   | Noticed a catoblepas
 15918 | Lair:4   | Killed a catoblepas
 15933 | Lair:4   | Received a gift from Trog
 16143 | Lair:4   | Found a hole to the Spider Nest.
 16152 | Lair:4   | Reached XP level 13. HP: 90/90 MP: 13/13
 16324 | Lair:4   | Reached skill level 10 in Fighting
 16349 | Lair:4   | HP: 2/92 [meliai/divine providence (13)]
 16351 | Lair:4   | Killed from afar by a meliai

Illustrated notes

Levels and vault maps discovered:
D:1:      dpeg_arrival_simpleton_c, layout_basic,
          hellmonk_ecumenical_altar_run_dry
D:2:      kb_forest_paths, layout_rooms, serial_shops, nicolae_diamond_shop,
          amcnicky_mini_corridor_feature, columned_hall_lemuel,
          uniq_crazy_yiuf_cottage
D:3:      layout_rooms, nicolae_overflow_crystal_walls
D:4:      layout_gridville, uniq_robin, uniq_blork_the_orc, uniq_pikel
D:5:      layout_basic, lemuel_coloured_pillars_altar,
          mainiacjoe_overflow_brackets, amcnicky_mini_pool_small
D:6:      layout_basic, chequers_temple_overflow_statue_of_worship,
          minmay_temple_entry_slanted, cheibrodos_sewer_entry_drain,
          uniq_grinder
D:7:      layout_gridville, serial_shops, shop
D:8:      layout_layer_cave, gammafunk_temple_overflow_statue
D:9:      layout_layer_cave, lair_entry_dummy, enter_bailey_2
D:10:     layout_rooms, zombieorc1_lemuel, lemuel_flamethrower_2
Lair:1:   layout_cave_pods, amcnicky_mini_pool_medium
Lair:2:   layout_small_grid, minmay_shoals_entry_lonely_mermaid
Lair:3:   layout_regular_city, gammafunk_ghost_split,
          chequers_serial_rivers_room_b, roderic_batcave,
          bobbens_dragon_lair_wall, minmay_lair_oklob_chamber
Lair:4:   regret_index_combs_of_tragedy, layout_long_grid,
          nicolae_spider_entry_orb_guardian, infiniplex_staircase_pool_2

Skill      XL: |  1  2  3  4  5  6  7  8  9 10 11 12 13 |
---------------+----------------------------------------+-----
Stealth        | 1 2 3 4 5 7 9 10 | 10.2
Short Blades   | 4 5 6 8 9 11 | 11.0
Dodging        | 5 7 9 11 | 11.5
Throwing       | 3 5 7 |  7.3
Fighting       | 4 6 9 10 | 10.1
Shields        | 4 6 |  6.8

Action                   |  1- 3 |  4- 6 |  7- 9 | 10-12 | 13-15 || total
-------------------------+-------+-------+-------+-------+-------++-------
Melee: Short sword       |    53 |    80 |       |       |       ||   133
       Constrict         |    14 |    20 |    54 |    55 |    11 ||   154
       Tentacles         |    10 |    20 |    65 |   130 |    18 ||   243
       Dagger            |       |    29 |   228 |   115 |       ||   372
       Quick blade       |       |       |       |   391 |    55 ||   446
Invok: Berserk           |       |     2 |     4 |     5 |       ||    11
       Trog's Hand       |       |       |     1 |     2 |     1 ||     4
       Brothers in Arms  |       |       |       |     1 |       ||     1
Evoke: Wand              |       |       |       |     5 |       ||     5
  Use: Scroll            |       |     3 |     4 |    19 |     1 ||    27
       Potion            |       |       |       |       |     1 ||     1
 Stab: Sleeping          |     2 |    13 |    21 |    35 |     1 ||    72
       Distracted        |       |       |     1 |     3 |       ||     4
       Petrified         |       |       |       |     1 |       ||     1
Armor: Skin              |     7 |     6 |    19 |    33 |     9 ||    74
Dodge: Dodged            |    50 |    56 |   119 |   184 |    28 ||   437
Block: Buckler           |       |       |       |    32 |    14 ||    46
